 Dungeon Crawl Stone Soup version 0.31-a0-806-g0bc164a743 (webtiles) character file.

Game seed: 7086223920491205555

429 redmage the Ruffian (level 6, -4/30 HPs)
             Began as a Vine Stalker Shapeshifter on Sept 21, 2023.
             Slain by a troll (9 damage)
             ... on level 6 of the Dungeon.
             The game lasted 00:10:39 (2408 turns).

redmage the Ruffian (Vine Stalker Shapeshifter)     Turns: 2408, Time: 00:10:40

Health: -4/30      AC:  9    Str: 17    XL:     6   Next: 98%
Magic:  0/7        EV:  8    Int: 10    God:
Gold:   183        SH:  5    Dex: 15    Spells: 2/5 levels left

rFire   . .          .
                       - Unarmed
rCold   . . .        (no shield)
rNeg    . . .        y - +1 chain mail
rPois   .            (helmet currently unavailable)
rElec   .            (cloak currently unavailable)
rCorr   .            (gloves currently unavailable)
SInv    .            (boots currently unavailable)
Will    .....        h - amulet of reflection Stlth
                     (no ring)
HPRegen 1.05/turn    (no ring)
MPRegen 0.10/turn

%: reflection, guardian spirit
@: beast-form
A: beast (slay +2), fangs 2, regeneration 1, magic shield, antimagic bite, no
potion heal 2
a: Begin Untransformation


You were on level 6 of the Dungeon.
You were a hulking beast.
You visited 1 branch of the dungeon, and saw 6 of its levels.

You collected 183 gold pieces.

Inventory:

Missiles
 e - 6 boomerangs
Armour
 q - a scarf of invisibility
 y - a +1 chain mail (worn)
Magical Staves
 o - a staff of fire
 v - a staff of poison
Jewellery
 h - an amulet of reflection (around neck)
 l - an amulet of magic regeneration
 u - a ring of fire
Talismans
 c - a beast talisman (active)
 d - a flux talisman
Wands
 f - a wand of flame (22) (quivered)
 g - a wand of paralysis (5)
Potions
 a - 2 potions of heal wounds
 b - a potion of lignification
 k - 2 potions of curing {unknown}
 m - 2 potions of attraction {unknown}
 n - a potion of enlightenment {unknown}
 p - a potion of magic {unknown}
 r - a potion of might {unknown}
 t - a potion of haste {unknown}
 w - 2 potions of degeneration {unknown}


   Skills:
 - Level 1.0 Fighting
 + Level 0.0 Armour
 - Level 2.0 Dodging
 * Level 6.3 Unarmed Combat
 + Level 4.6 Shapeshifting


You had 2 spell levels left.
You knew the following spells:

 Your Spells              Type           Power      Damage    Failure   Level
a - Frozen Ramparts       Ice            0%         1d1       100%        3

Your spell library contained the following spells:

 Spells                   Type           Power      Damage    Failure   Level
 Freeze                   Ice            0%         1d3       99%         1
 Hailstorm                Conj/Ice       0%         3d3       100%        3


Dungeon Overview and Level Annotations

Branches:
Dungeon (6/15)
 Temple: D:4-7

Altars:
Dithmenos
Okawaru

Annotations:
D:2 Sigmund
D:4 Ijyb, Menkaure


Innate Abilities, Weirdness & Mutations

You are a hulking beast.
Your limbs bulge with bestial killing power. (Slay +2)
You have extremely sharp teeth.
Your natural rate of healing is unusually fast.
When hurt, damage is shared between your health and your magic reserves.
Your bite disrupts and absorbs the magic of your enemies.
Potions cannot restore your health.


Message History

Found a shadowy altar of Dithmenos.
You now have 183 gold pieces (gained 15).
Found a giant club.
As you read the scroll labelled VOMOEC FOEHAH, it crumbles to dust.
It is a scroll of enchant armour.
Your +0 chain mail glows green for a moment.
The air fills with toxic fumes!
As you read the scroll labelled HOUPAU EPPES, it crumbles to dust.
It was a scroll of poison.
As you read the scroll labelled SIULEU OSISUG, it dissolves into smoke.
It was a scroll of fog.
You start waiting.
Done waiting.
An orc comes into view. It is wielding a +0 falchion.
Found 5 stones.
A troll, an orc and a black bear come into view.
The troll shouts!
The orc shouts!
The black bear growls angrily.
The troll moves out of view.
A kobold demonologist and an iguana come into view.
Found 22 gold pieces.
The troll bites you! The troll barely misses you. The troll claws you.
The kobold demonologist looks braver for a moment.
You block the orc's attack.
You closely miss the troll. You bite the troll. You drain its power.
You feel invigorated.
The troll is lightly wounded.
The troll attacks as it pursues you! The troll bites you. The troll claws you!
The troll claws you but does no damage. The troll attacks as it pursues you!
You block the troll's attack. The troll claws you!
* * * LOW HITPOINT WARNING * * *
The troll claws you but does no damage.
You aren't carrying any scrolls.
Found a stone staircase leading up.
You hit the troll.
The troll is lightly wounded.
You block the troll's attack. The troll claws you.
* * * LOW HITPOINT WARNING * * *
The troll claws you!
You die...

###..#######
#..#######
##.......##
#.........
#.........#
#.........
#.###.###.# <#
##.#.....#.# .#
#..#.#.#.#.# .#
#.....#....# .##
....#.#.#.#.#####..#
....#.....#...oTh..#
#.#####.#####h###..#
.. 8...8#.lo..#..#
⌠. #.....#.K.h.#..#
.⌠ ....8...........#
⌠ .#.....#.....#..#
...8#....(#.#.. #.#
###.###..## .$ ... #


You could see a troll, a black bear and an orc.

Vanquished Creatures
  2 scorpions (D:5)
  A howler monkey (D:5)
  An orc priest (D:5)
  A hound (D:5)
  An iguana (D:5)
  A sleepcap (D:5)
  An orc wizard (D:4)
  5 adders
  A worm (D:2)
  A dart slug (D:1)
  11 orcs
  6 ball pythons
  7 endoplasms
  7 giant cockroaches
  7 goblins
  5 hobgoblins
  4 jackals (D:2)
  4 quokkas
  2 bats (D:2)
  A frilled lizard (D:2)
  5 kobolds
  2 rats
76 creatures vanquished.

Notes
Turn   | Place    | Note
-------+----------+-------------------------------------------
     0 | D:1      | redmage the Vine Stalker Shapeshifter began the quest for
                  | the Orb.
     0 | D:1      | Reached XP level 1. HP: 9/9 MP: 2/2
   102 | D:1      | Reached skill level 1 in Fighting
   138 | D:1      | Reached XP level 2. HP: 14/14 MP: 3/3
   296 | D:1      | You fall into a shaft and drop 1 floor!
   556 | D:2      | Reached XP level 3. HP: 18/18 MP: 4/4
   747 | D:2      | Reached skill level 4 in Unarmed Combat
   798 | D:2      | Reached XP level 4. HP: 18/22 MP: 3/5
   820 | D:2      | Found a faded altar of an unknown god.
   820 | D:2      | Noticed a great orb of eyes
   823 | D:2      | Noticed a floating eye
   823 | D:2      | Noticed a floating eye
   823 | D:2      | Noticed a golden eye
   871 | D:2      | Noticed Sigmund
  1124 | D:3      | Found an iron altar of Okawaru.
  1749 | D:4      | Reached XP level 5. HP: 25/25 MP: 6/6
  1858 | D:4      | Noticed Menkaure
  1867 | D:5      | Entered Level 5 of the Dungeon
  1888 | D:5      | Reached skill level 5 in Unarmed Combat
  1933 | D:5      | Reached XP level 6. HP: 24/30 MP: 5/7
  2022 | D:5      | Learned a level 3 spell: Frozen Ramparts
  2032 | D:4      | Reached skill level 6 in Unarmed Combat
  2048 | D:4      | Noticed Ijyb
  2251 | D:6      | Found a shadowy altar of Dithmenos.
  2402 | D:6      | Noticed a troll
  2402 | D:6      | Noticed a black bear
  2403 | D:6      | Noticed a kobold demonologist
  2408 | D:6      | Slain by a troll

Illustrated notes

Levels and vault maps discovered:
D:1:      amcnicky_arrival_flooded_fountain, layout_rooms
D:2:      layout_basic, hellmonk_ecumenical_altar_watching_god, uniq_sigmund
D:3:      layout_loops_ring, mainiacjoe_overflow_paths
D:4:      layout_loops_ring, chequers_serial_rivers_small_3,
          serial_bayou_lake_a, uniq_ijyb, uniq_menkaure
D:5:      layout_gridville
D:6:      layout_loops_ring, minitemple, mainiacjoe_overflow_chevrons,
          minmay_chambers_of_fives, uniq_blork_the_orc

Skill      XL: |  1  2  3  4  5  6 |
---------------+-------------------+-----
Fighting       | 1 |  1.0
Dodging        | 2 |  2.0
Unarmed Combat | 4 5 6 |  6.3
Shapeshifting  | 4 |  4.6

Action                     |  1- 3 |  4- 6 || total
---------------------------+-------+-------++-------
  Melee: Unarmed           |    89 |    86 ||   175
         Bite              |    31 |    21 ||    52
         Punch             |     1 |     6 ||     7
  Evoke: Wand              |       |     8 ||     8
    Use: Scroll            |       |    11 ||    11
         Potion            |       |     1 ||     1
 Armour: Animal skin       |    10 |       ||    10
         Ring mail         |    20 |    36 ||    56
         Skin              |       |     2 ||     2
         Chain mail        |       |     9 ||     9
  Dodge: Dodged            |    39 |    29 ||    68
  Block: Other             |    21 |    15 ||    36
         Reflection        |     1 |     1 ||     2

Table legend: (Time is in decaauts)
 A = Elapsed time spent in this place.
 B = Non-inter-level travel time spent in this place.
 C = Inter-level travel time spent in this place.
 D = Time resting spent in this place.
 E = Time spent auto-exploring this place.
 F = Levels seen in this place.
 G = Mean time per level.
                   A        B        C        D        E       F      G
               +--------+--------+--------+--------+--------+-----+--------+
         Total |   2396 |   2316 |     80 |    129 |   1621 |   6 |  399.3 |
       Dungeon |   2396 |   2316 |     80 |    129 |   1621 |   6 |  399.3 |
               +--------+--------+--------+--------+--------+-----+--------+

Top non-repeatable levels by time:
     D:3: 818 daAuts
     D:1: 541 daAuts
     D:5: 346 daAuts
     D:2: 326 daAuts
     D:4: 205 daAuts
     D:6: 157 daAuts
